 Dungeon Crawl Stone Soup version 0.31.0-32-g396128a36d (webtiles) character file.

Game seed: 3612114141853044165

2724 KKCryptic the Covert (level 9, -1/54 HPs)
             Began as an Octopode Shapeshifter on Apr 2, 2024.
             Was an Initiate of Dithmenos.
             Slain by a gnoll
             ... wielding a +0 halberd
              (14 damage)
             ... in a bailey on Apr 9, 2024.
             The game lasted 00:18:32 (5202 turns).

KKCryptic the Covert (Octopode Shapeshifter)        Turns: 5202, Time: 00:18:33

Health: -1/54      AC:  1    Str: 13    XL:     9   Next: 67%
Magic:  9/9        EV:  7    Int: 12    God:    Dithmenos [......]
Gold:   341        SH:  0    Dex: 16    Spells: 8/8 levels left

rFire   . . .        f - +4 dagger (speed)
rCold   . . .        (no shield)
rNeg    . . .        (helmet currently unavailable)
rPois   .            (no amulet)
rElec   .            s - ring of flight
rCorr   .            (no ring)
SInv    .            (no ring)
Will    .....        (no ring)
Stlth   +++++        (no ring)
HPRegen 0.29/turn    (no ring)
MPRegen 0.11/turn    (no ring)
                     (no ring)

%: no passive effects
@: beast-form, flying, held
A: beast (slay +3), almost no armour, amphibious, 8 rings, camouflage 1,
gelatinous body 1, (nimble swimmer 1), tentacles
a: Begin Untransformation, Renounce Religion


You were in a bailey.
You worshipped Dithmenos.
Dithmenos was noncommittal.
You were a hulking beast.
You visited 2 branches of the dungeon, and saw 8 of its levels.
You also visited: Bailey.

You collected 341 gold pieces.

Inventory:

Hand Weapons
 f - a +4 dagger of speed (weapon)
 m - a +2 vampiric short sword
 v - a +0 short sword of electrocution
Missiles
 e - 16 poisoned darts (quivered)
Jewellery
 s - a ring of flight (left tentacle)
 B - a ring of fire
Talismans
 b - a beast talisman
 c - a flux talisman
 r - a serpent talisman
Wands
 h - a wand of paralysis (13)
Scrolls
 i - a scroll of vulnerability {unknown}
 j - 6 scrolls of fear
 l - a scroll of poison
 p - a scroll of fog {unknown}
 u - a scroll of blinking {unknown}
 w - 2 scrolls of noise {unknown}
 x - a scroll of enchant weapon {unknown}
 y - a scroll of immolation {unknown}
 z - a scroll of amnesia {unknown}
Potions
 a - a potion of lignification
 d - 3 potions of curing
 g - a potion of invisibility
 k - 2 potions of heal wounds
 q - 5 potions of enlightenment
 t - 2 potions of brilliance
 C - 2 potions of berserk rage {unknown}
 D - a potion of mutation {unknown}


   Skills:
 + Level 1.9 Fighting
 + Level 6.6 Short Blades
 + Level 1.4 Throwing
 + Level 2.5 Dodging
 + Level 9.6 Stealth
 - Level 5.0 Unarmed Combat
 + Level 1.5 Evocations
 + Level 6.9 Shapeshifting


You had 8 spell levels left.
You didn't know any spells.
Your spell library contained the following spells:

 Spells                   Type           Power      Damage    Failure   Level
 Magic Dart               Conj           0%         1d3       32%         1
 Mercury Vapours          Alch/Air       0%         N/A       45%         2
 Searing Ray              Conj           0%         2d4       45%         2
 Static Discharge         Conj/Air       0%         3-3/arc   45%         2
 Mephitic Cloud           Conj/Alch/Air  0%         N/A       69%         3
 Airstrike                Air            0%         2d(0-16)  97%         4
 Fulminant Prism          Conj/Alch      0%         3d5       97%         4
 Summon Lightning Spire   Summ/Air       0%         N/A       97%         4
 Freezing Cloud           Conj/Ice/Air   0%         6-21      100%        5


Dungeon Overview and Level Annotations

Branches:
Dungeon (7/15)             Temple (1/1) D:6          Bailey (1/1)

Altars:
Ashenzari
Cheibriados
Dithmenos
Fedhas
Gozag
Kikubaaqudgha
Makhleb
Nemelex Xobeh
Okawaru
Qazlal
Ru
Sif Muna
Trog
Uskayaw
Wu Jian
Yredelemnul


Innate Abilities, Weirdness & Mutations

You are a hulking beast.
Your limbs bulge with bestial killing power. (Slay +3)
You cannot wear most types of armour.
You are amphibious.
You can wear up to eight rings at the same time.
Your skin changes colour to match your surroundings (Stealth+).
Your rubbery body absorbs attacks. (AC +1, EV +1)
((You are camouflaged when in or above water. (Stealth+)))
You have tentacles for arms and can constrict up to eight enemies at once.


Message History

There is a flagged portal here.
The world spins around you as you enter the gateway.
You enter a bailey!
Found a gate leading back out of this place.
There is an empty arch of ancient stone here.
Press: ? - help, v - describe, . - travel
Here: a gnoll, wielding a +0 halberd, wearing a +0 chain mail and quivering 2 throwing nets (asleep)
The floor.
The gnoll shouts!
The hound barks!
The gnoll shouts!
The hound barks!
A gnoll opens the gate.
You hear a shout!
A gnoll comes into view. It is wielding a +0 halberd.
The hound bites you but does no damage. The hound completely misses you.
The gnoll barely misses you.
The gnoll hits you from afar with a +0 spear.
The gnoll shouts!
You puncture the hound! You grab the hound.
The hound is heavily wounded.
You constrict the hound, but do no damage.
The hound barely misses you. x2
You barely miss the hound.
The hound is heavily wounded.
You constrict the hound, but do no damage.
You puncture the hound!
You kill the hound!
Dithmenos accepts your kill. The hound bites you. The gnoll barely misses you.
The gnoll throws a throwing net.
The throwing net hits you.
You become entangled in the net!
You struggle against the net.
The hound bites you but does no damage.
The gnoll hits you from afar with a +0 halberd!
The gnoll hits you from afar with a +0 spear!
You struggle against the net.
The hound bites you. x2
The gnoll hits you from afar with a +0 halberd!
The gnoll hits you from afar with a +0 spear.
* * * LOW HITPOINT WARNING * * *
You struggle against the net.
The hound bites you.
* * * LOW HITPOINT WARNING * * *
The gnoll hits you from afar with a +0 halberd!
You die...

#..≈.♣ #..≈.♣♣
#..≈..♣ #..≈..♣
#..≈..♣♣
####..≈...♣♣
...'.gh....♣♣♣#
...'gg†h..∩..∩#
...'g......♣♣♣#
####..≈...♣♣
#..≈...♣
#..≈...♣
#..≈..♣♣
#..≈.♣♣ #..≈.♣


You could see a hound and 4 gnolls.

Vanquished Creatures
  Pikel (D:4)
  Grinder (D:3)
  Sigmund (D:2)
  A shadow (D:6)
  2 water moccasins
  A black bear (D:4)
  2 ogres
  An ice beast (D:6)
  A phantom (D:6)
  A lemure (D:4)
  Blork the orc (D:5)
  6 scorpions
  A bombardier beetle (D:6)
  A jelly (D:5)
  Crazy Yiuf (D:2)
  2 orc priests
  8 hounds
  3 orc wizards
  A sleepcap (D:5)
  Robin (D:2)
  9 adders
  4 gnolls (D:4)
  A white imp (D:5)
  19 orcs
  6 ball pythons
  4 endoplasms
  7 giant cockroaches
  14 goblins
  4 hobgoblins
  4 jackals (D:2)
  13 kobolds
  4 quokkas
  5 bats
  4 frilled lizards
  6 rats
141 creatures vanquished.

Notes
Turn   | Place    | Note
-------+----------+-------------------------------------------
     0 | D:1      | KKCryptic the Octopode Shapeshifter began the quest for the
                  | Orb.
     0 | D:1      | Reached XP level 1. HP: 13/13 MP: 1/1
   152 | D:1      | Reached skill level 1 in Stealth
   152 | D:1      | Reached XP level 2. HP: 8/18 MP: 2/2
   710 | D:2      | Reached XP level 3. HP: 23/23 MP: 3/3
   846 | D:2      | Found a runed translucent door.
   847 | D:2      | Noticed Crazy Yiuf
   914 | D:1      | Reached skill level 1 in Short Blades
   959 | D:2      | Noticed Sigmund
   972 | D:2      | Killed Sigmund
   973 | D:2      | Reached skill level 3 in Stealth
   973 | D:2      | Reached XP level 4. HP: 12/28 MP: 4/4
   973 | D:2      | Reached XP level 5. HP: 14/33 MP: 5/5
   989 | D:2      | Found a faded altar of an unknown god.
  1159 | D:2      | Noticed Robin
  1162 | D:2      | Reached XP level 6. HP: 37/38 MP: 6/6
  1173 | D:2      | Killed Robin
  1242 | D:2      | Killed Crazy Yiuf
  1243 | D:2      | Reached skill level 4 in Stealth
  1687 | D:3      | Noticed Grinder
  1700 | D:3      | Killed Grinder
  1701 | D:3      | Reached XP level 7. HP: 35/43 MP: 7/7
  2429 | D:4      | Reached skill level 5 in Stealth
  2477 | D:4      | Reached skill level 5 in Unarmed Combat
  2923 | D:4      | Noticed Pikel
  2951 | D:4      | Killed Pikel
  2952 | D:4      | Reached skill level 7 in Stealth
  2952 | D:4      | Reached skill level 5 in Shapeshifting
  2952 | D:4      | Reached XP level 8. HP: 20/48 MP: 8/8
  3494 | D:4      | Reached skill level 5 in Short Blades
  3657 | D:5      | Entered Level 5 of the Dungeon
  3746 | D:5      | Reached skill level 8 in Stealth
  4124 | D:5      | Noticed Blork the orc
  4131 | D:5      | Killed Blork the orc
  4132 | D:5      | Reached XP level 9. HP: 53/53 MP: 9/9
  4422 | D:5      | Reached skill level 9 in Stealth
  4807 | D:6      | Reached skill level 1 in Evocations
  4835 | D:6      | Reached skill level 1 in Throwing
  4943 | D:6      | Found a burning altar of Makhleb.
  4943 | D:6      | Found a shimmering blue altar of Sif Muna.
  4943 | D:6      | Found a broken altar of Ashenzari.
  4944 | D:6      | Found an ancient bone altar of Kikubaaqudgha.
  4978 | D:6      | Found a staircase to the Ecumenical Temple.
  4987 | Temple   | Entered the Ecumenical Temple
  5035 | Temple   | Became a worshipper of Dithmenos the Shadowed
  5187 | D:7      | Found a flagged portal.
  5193 | Bailey   | Entered a bailey
  5202 | Bailey   | Slain by a gnoll

Illustrated notes

Levels and vault maps discovered:
D:1:      dpeg_arrival_shrine, layout_loops_ring
D:2:      layout_rooms, shapermc_ecumenical_altar_acropolis, serial_rivers,
          chequers_serial_rivers_large_a, chequers_serial_rivers_room_a,
          chequers_serial_rivers_micro_b, chequers_serial_rivers_marsh,
          chequers_serial_rivers_small_b, uniq_robin, uniq_crazy_yiuf_cottage,
          uniq_sigmund
D:3:      layout_loops_corners, lexackson_kobold_supper, uniq_grinder
D:4:      cheibrodos_helix_gallery, layout_gridville, grunt_ministairs_1,
          grunt_decor_cap, nrook_campfire, minmay_misc_feat_nine_boxes,
          uniq_pikel
D:5:      layout_loops_ring, uniq_blork_the_orc
D:6:      layout_cave_pools, minitemple, minmay_temple_entry_ruins
D:7:      layout_loops_cross, enter_bailey_2, chequers_serial_rivers_micro_c,
          minmay_shattered_shrine
Temple:   nicolae_temple_ecumenical_triangle
Bailey:   bailey_polearm_gnolls_kennysheep, bailey

Skill      XL: |  1  2  3  4  5  6  7  8  9 |
---------------+----------------------------+-----
Stealth        | 1 3 4 7 8 9 |  9.6
Short Blades   | 2 3 4 5 6 |  6.6
Unarmed Combat | 4 5 |  5.0
Shapeshifting  | 4 5 6 |  6.9
Evocations     | 1 |  1.5
Throwing       | 1 |  1.4
Fighting       | |  1.9
Dodging        | |  2.5

Action                     |  1- 3 |  4- 6 |  7- 9 || total
---------------------------+-------+-------+-------++-------
  Melee: Dagger            |    35 |    44 |   315 ||   394
         Unarmed           |     3 |       |       ||     3
         Constrict         |    10 |    11 |    44 ||    65
         Tentacles         |     3 |    13 |    99 ||   115
         Punch             |       |     3 |    19 ||    22
  Throw: Dart              |       |     1 |     3 ||     4
    Use: Scroll            |     1 |     3 |     9 ||    13
         Potion            |       |     1 |       ||     1
   Stab: Sleeping          |     4 |     2 |    30 ||    36
 Armour: Skin              |    26 |     6 |    67 ||    99
  Dodge: Dodged            |    22 |    17 |    64 ||   103
